 Dungeon Crawl Stone Soup version 0.21.1-1-g345015fe64 (webtiles) character file.

1938 Fascinator the Magician (level 9, -6/74 (75) HPs)
             Began as a Naga Fire Elementalist on July 27, 2018.
             Was a Follower of Cheibriados.
             Mangled by a wraith (11 damage)
             ... on level 7 of the Dungeon.
             The game lasted 00:22:46 (6072 turns).

Fascinator the Magician (Naga Fire Elementalist)    Turns: 6072, Time: 00:22:46

HP:   -6/74 (75)    AC:  6    Str: 14    XL:     9   Next: 18%
MP:   6/18          EV: 11    Int: 22    God:    Cheibriados [*.....]
Gold: 427           SH:  0    Dex: 14    Spells: 2/20 levels left

rFire    . . .     SeeInvis +   k - +4 dagger (venom)
rCold    . . .     Gourm    .   (no shield)
rNeg     . . .     Faith    .   a - +0 robe
rPois    +         Spirit   .   o - +0 helmet
rElec    .         Reflect  .   (no cloak)
rCorr    .         Harm     .   j - +0 pair of gloves
MR       +....                  (no barding)
Stlth    +++.......             (no amulet)
HPRegen  0.22/turn              (no ring)
MPRegen  0.16/turn              (no ring)

@: slowed, very slow
A: large, see invisible, deformed body, poison resistance, slowness 2, slow
metabolism 1, spit poison 1, AC +3
a: Spit Poison, Bend Time, Renounce Religion


You were on level 7 of the Dungeon.
You worshipped Cheibriados.
Cheibriados was aware of your devotion.
You were hungry.

You visited 1 branch of the dungeon, and saw 7 of its levels.

You collected 427 gold pieces.

Inventory:

Hand Weapons
 k - a +4 dagger of venom (weapon)
Armour
 a - a +0 robe (worn)
 j - a +0 pair of gloves (worn)
 o - a +0 helmet (worn)
Jewellery
 t - an uncursed amulet of rage {unknown}
 y - a cursed ring of loudness {unknown}
Wands
 q - a wand of flame (23)
 u - a wand of iceblast (7)
Scrolls
 d - a scroll of fog {unknown}
 h - a scroll of noise {unknown}
 i - 11 scrolls of identify {unknown}
 l - 3 scrolls of blinking {unknown}
 m - 4 scrolls of magic mapping {unknown}
 n - 3 scrolls of enchant weapon {unknown}
 p - 4 scrolls of remove curse
 s - 2 scrolls of random uselessness {unknown}
 v - a scroll of teleportation {unknown}
Potions
 e - 4 potions of lignification
 f - 3 potions of curing
 g - a potion of ambrosia
 r - 2 potions of haste {unknown}
 w - a potion of heal wounds
Books
 b - a book of Flames

   Spells                             Type                      Level
   a - Flame Tongue                   Conjuration/Fire             1
   b - Throw Flame                    Conjuration/Fire             2
   c - Conjure Flame                  Conjuration/Fire             3
   d - Inner Flame                    Hexes/Fire                   3
   e - Sticky Flame                   Conjuration/Fire             4
   f - Fireball                       Conjuration/Fire             5
 x - a book of Callings

   Spells                             Type                      Level
   a - Summon Small Mammal            Summoning                    1
   b - Call Imp                       Summoning                    2
   c - Call Canine Familiar           Summoning                    3
   d - Summon Guardian Golem          Hexes/Summoning              3
   e - Summon Lightning Spire         Summoning/Air                4
   f - Summon Ice Beast               Ice/Summoning                4
Comestibles
 c - 8 rations


   Skills:
 + Level 3.1 Fighting
 + Level 3.6 Short Blades
 + Level 3.4 Dodging
 + Level 5.5 Stealth
 * Level 6.3 Spellcasting
 * Level 4.2 Conjurations
 * Level 1.0 Summonings
 * Level 5.3 Fire Magic
 * Level 0.4 Invocations


You had 2 spell levels left.
You knew the following spells:

 Your Spells              Type           Power        Failure   Level  Hunger
a - Flame Tongue          Conj/Fire      ####.        1%          1    None
b - Conjure Flame         Conj/Fire      ####....     3%          3    #......
c - Throw Flame           Conj/Fire      ####..       1%          2    None
d - Summon Guardian Gole  Hex/Summ       #.......     22%         3    #......
e - Summon Lightning Spi  Summ/Air       #.......     56%         4    ###....
f - Fireball              Conj/Fire      ####......   34%         5    #####..


Dungeon Overview and Level Annotations

Branches:
Dungeon (7/15)             Temple (0/1) D:6

Altars:
Cheibriados
Elyvilon
Fedhas
Gozag
Kikubaaqudgha
Makhleb
Okawaru
Sif Muna
Trog
Uskayaw
Vehumet
Zin
The Shining One

Shops:
D:4 %


Innate Abilities, Weirdness & Mutations

You cannot wear boots.
Your serpentine skin is tough. (AC +3)
You have supernaturally acute eyesight. (SInv)
Armour fits poorly on your strangely shaped body.
Your system is resistant to poisons. (rPois)
You cover ground very slowly.
You have a slow metabolism.
You can spit poison.


Message History

Aiming: Flame Tongue
Press: ? - help, Shift-Dir - straight line, f/p - wraith
Aim: a wraith (heavily damaged)
The flame tongue hits the wraith.
The wraith appears unharmed.
The wraith is heavily damaged.
The wraith hits you.
* * * LOW HITPOINT WARNING * * *
The wraith drains your vigour!
You feel as though you will be slow longer.
Casting: Flame Tongue
Confirm with . or Enter, or press ? or * to list all spells.
Aiming: Flame Tongue
Press: ? - help, Shift-Dir - straight line, f/p - wraith
Aim: a wraith (heavily damaged)
The flame tongue misses the wraith.
The wraith hits you.
* * * LOW HITPOINT WARNING * * *
The wraith drains your vigour!
You feel as though you will be slow longer.
The wraith hits you!
You die...

### #... ###########
.#...##########..........
.......................>.
........####.............
.#...##.# #.............
#.. #.## #............. #
#..# #............. #.
##@###...#####.##.#
#...###W.##...# #.##.#
#.......##########.##.#
#........###.......##.#
........$............##.#
.##.........##.......##.#
##..(..##.########.#...
....... ... #.#..#
##.....# .### #.#...


You could see a wraith.

Vanquished Creatures
  The ghost of IceCat the Shield-Bearer, an amateur GrFi (D:4)
  Edmund (D:5)
  A water moccasin (D:6)
  A black bear (D:7)
  An ice beast (D:5)
  An eye of draining (D:4)
  2 ogres
  A necrophage (D:6)
  3 bullfrogs
  A scorpion (D:4)
  3 killer bees (D:7)
  2 crimson imps
  A bullfrog zombie (D:6)
  2 howler monkeys (D:7)
  An orc priest (D:3)
  A bullfrog skeleton (D:4)
  An iguana (D:6)
  3 worker ants
  Ijyb (D:5)
  2 orc wizards
  Natasha (D:3)
  A hound skeleton (D:6)
  A howler monkey zombie (D:6)
  A howler monkey skeleton (D:7)
  2 adders
  7 gnolls (D:3)
  A shadow imp (D:7)
  An ooze (D:4)
  2 adder skeletons
  3 worms
  3 dart slugs
  2 leopard geckos
  21 orcs
  8 bats
  A giant cockroach (D:7)
  18 goblins
  16 hobgoblins
  9 jackals
  A ball python (D:1)
  3 kobolds
  7 rats
139 creatures vanquished.

Notes
Turn   | Place    | Note
-------+----------+-------------------------------------------
     0 | D:1      | Fascinator the Naga Fire Elementalist began the quest for the Orb.
     0 | D:1      | Reached XP level 1. HP: 15/15 MP: 3/3
   128 | D:1      | Reached XP level 2. HP: 22/22 MP: 3/5
   584 | D:1      | Reached XP level 3. HP: 16/28 MP: 0/7
  1109 | D:2      | Found a glowing golden altar of the Shining One.
  1227 | D:2      | Learned a level 3 spell: Conjure Flame
  1316 | D:2      | Found a hide-covered altar of Uskayaw.
  1414 | D:2      | Reached skill level 3 in Spellcasting
  1706 | D:3      | Reached XP level 4. HP: 29/36 MP: 8/8
  2097 | D:3      | Reached XP level 5. HP: 5/42 MP: 2/10
  2299 | D:3      | Found a radiant altar of Vehumet.
  2400 | D:3      | Learned a level 2 spell: Throw Flame
  2522 | D:3      | Noticed Natasha
  2533 | D:3      | Killed Natasha
  2533 | D:3      | Reached skill level 1 in Short Blades
  2660 | D:3      | Reached skill level 1 in Fighting
  2694 | D:3      | Reached XP level 6. HP: 51/51 MP: 6/11
  2990 | D:4      | Found Xiboi's Food Shoppe.
  3072 | D:4      | Reached skill level 4 in Spellcasting
  3170 | D:4      | Noticed an eye of draining
  3189 | D:4      | Found a bloodstained altar of Trog.
  3189 | D:4      | Noticed IceCat's ghost (amateur GrFi)
  3230 | D:4      | Killed IceCat's ghost
  3239 | D:4      | Killed an eye of draining
  3239 | D:4      | Reached XP level 7. HP: 44/57 MP: 1/13
  3462 | D:4      | Found an opulent altar of Gozag.
  3829 | D:5      | Entered Level 5 of the Dungeon
  4042 | D:5      | Noticed Ijyb
  4058 | D:5      | Killed Ijyb
  4067 | D:5      | Found a white marble altar of Elyvilon.
  4067 | D:5      | Found an ancient bone altar of Kikubaaqudgha.
  4072 | D:5      | Found a blossoming altar of Fedhas.
  4074 | D:5      | Found a deep blue altar of Sif Muna.
  4076 | D:5      | Found a glowing silver altar of Zin.
  4188 | D:5      | Noticed Edmund
  4209 | D:5      | Killed Edmund
  4209 | D:5      | Reached skill level 5 in Spellcasting
  4291 | D:5      | Found a snail-covered altar of Cheibriados.
  4297 | D:5      | Became a worshipper of Cheibriados the Contemplative
  4414 | D:5      | Reached XP level 8. HP: 28/64 MP: 4/15
  4720 | D:5      | Reached skill level 5 in Stealth
  5079 | D:6      | Found a staircase to the Ecumenical Temple.
  5092 | D:6      | Learned a level 3 spell: Summon Guardian Golem
  5213 | D:6      | Reached skill level 6 in Spellcasting
  5231 | D:6      | Found an iron altar of Okawaru.
  5296 | D:6      | Reached * piety under Cheibriados
  5552 | D:6      | Found a burning altar of Makhleb.
  5562 | D:6      | Reached skill level 5 in Fire Magic
  5775 | D:7      | Reached XP level 9. HP: 68/73 MP: 11/18
  6020 | D:7      | Learned a level 4 spell: Summon Lightning Spire
  6026 | D:7      | Learned a level 5 spell: Fireball
  6055 | D:7      | Reached skill level 1 in Summonings
  6072 | D:7      | Mangled by a wraith

Skill      XL: |  1  2  3  4  5  6  7  8  9 |
---------------+----------------------------+-----
Spellcasting   | 3 4 5 6 |  6.3
Stealth        | 4 5 |  5.5
Short Blades   | 1 2 3 |  3.6
Conjurations   | 2 3 4 |  4.2
Fighting       | 1 2 3 |  3.1
Dodging        | 2 3 |  3.4
Fire Magic     | 4 5 |  5.3
Summonings     | 1 |  1.0
Invocations    | |  0.4

Action                   |  1- 3 |  4- 6 |  7- 9 || total
-------------------------+-------+-------+-------++-------
Melee: Dagger            |    58 |   115 |   133 ||   306
 Cast: Flame Tongue      |    25 |    53 |    88 ||   166
       Throw Flame       |       |    13 |     9 ||    22
       Conjure Flame     |       |     2 |     3 ||     5
 Abil: Spit Poison       |     1 |     1 |       ||     2
  Use: Scroll            |     1 |       |       ||     1
       Potion            |       |     7 |       ||     7
 Stab: Sleeping          |     3 |     4 |     1 ||     8
  Eat: Chunk             |     2 |     4 |     4 ||    10
       Ration            |       |       |     1 ||     1
Armor: Robe              |    23 |    11 |    41 ||    75
       Skin              |       |    20 |       ||    20
Dodge: Dodged            |    52 |    57 |    80 ||   189
